 Dungeon Sprint DCSS version 0.25.1-2-g60ff931df9 (webtiles) character file.

Game seed: 16446005919909833336

4200000 ytrimaz the Intangible (level 22, -8/148 HPs)
             Began as a Spriggan Warper on Sept 30, 2020.
             Was the Champion of Makhleb.
             Mangled by The Servant
             ... wielding a +9 glaive of flaming
              (20 damage)
             ... in the Dungeon (Sprint VIII: "Arena of Blood").
             The game lasted 00:01:40 (42 turns).

ytrimaz the Intangible (Spriggan Warper)              Turns: 42, Time: 00:01:41

Health: -8/148     AC:  4    Str:  8    XL:     22   Next: 73%
Magic:  11/54      EV: 40    Int: 21    God:    Makhleb [******]
Gold:   0          SH:  0    Dex: 18    Spells: 75/75 levels left

rFire    . . .     SeeInvis +   c - +∞ Axe of Woe
rCold    . . .     Gourm    .   (shield currently unavailable)
rNeg     . . .     Faith    .   b - +0 robe
rPois    .         Spirit   .   (helmet restricted)
rElec    .         Reflect  .   (no cloak)
rCorr    .         Harm     .   (gloves unavailable)
MR       +++..     NoTele   +   (boots unavailable)
Stlth    +++++++++.             (no amulet)
HPRegen  0.34/turn              (no ring)
MPRegen  0.34/turn              (no ring)

@: very quick
A: very small, unfitting armour, see invisible, herbivore, speed 3, slow
metabolism 2
a: Minor Destruction, Lesser Servant of Makhleb, Major Destruction, Greater
Servant of Makhleb, Renounce Religion


You were in the Dungeon.
You worshipped Makhleb.
Makhleb was exalted by your worship.
You were not hungry.

You visited 1 branch

Inventory:

Hand Weapons
 a - a +0 hand axe
 c - the +∞ Axe of Woe (weapon)
   (You found it in the Dungeon)
Missiles
 e - 5 boomerangs of dispersal (quivered)
Armour
 b - a +0 robe (worn)
Scrolls
 d - 2 scrolls of blinking
Potions
 g - a potion of curing
 h - a potion of heal wounds
 i - a potion of haste
 j - 2 potions of magic
 k - a potion of berserk rage
Comestibles
 f - a ration


   Skills:
 O Level 27 Fighting
 O Level 27 Axes
 O Level 27 Throwing
 O Level 27 Armour
 O Level 27 Dodging
 O Level 27 Stealth
 O Level 27 Unarmed Combat
 O Level 27 Spellcasting
   Level 4.4 Translocations
 O Level 27 Invocations


You had 75 spell levels left.
You didn't know any spells.
Your spell library contained the following spells:

 Spells                   Type           Power        Failure   Level  Hunger
 Blink                    Tloc           N/A          1%          2    None
 Shroud of Golubria       Chrm/Tloc      #####.       1%          2    None
 Gell's Gravitas          Tloc           #####.....   1%          3    None
 Lesser Beckoning         Tloc           #####.....   1%          3    None
 Teleport Other           Tloc           #####...     1%          3    None
 Passage of Golubria      Tloc           N/A          1%          4    None


Dungeon Overview and Level Annotations

Branches:
Dungeon (1/1)

Altars:
Makhleb

Annotations:
D The Servant


Innate Abilities, Weirdness & Mutations

You are very small and have problems with some larger weapons.
You are too small for most types of armour.
You have supernaturally acute eyesight. (SInv)
You are a herbivore.
You cover ground extremely quickly.
You need to consume almost no food.


Message History

You dissect the large bag of meat like a pig carcass.
The large bag of meat explodes!
The fiery explosion engulfs you!!!
* * * LOW HITPOINT WARNING * * *
The fiery explosion engulfs the bag of meat!
The fiery explosion engulfs The Servant!!
Makhleb accepts your kill.
You feel better.
You slice the bag of meat!!
You butcher the bag of meat messily.
You kill the bag of meat!
Makhleb accepts your kill.
You feel better.
You are engulfed in blazing flames.
You hear a shout! x4
The large bag of meat is engulfed in blazing flames.
You hear a shout! x2
The Servant is engulfed in blazing flames.
The Servant hits you from afar with a +9 glaive of flaming!!!
* * * LOW HITPOINT WARNING * * *
The Servant burns you!!
You die...

o..#.........).)....
..o.#.#.#......)))....
...o.#.#.............. o#
#...#.#.#O............
..o #...#.#O....#........
..oo#o....○O......o......
.oO.oO##.OoOo..##O#......
#ooo.o##§@oO..D.........
#.OO@○§####....#.....
####§§§..........D..o
####.......... ###.......
######


You could see The Servant, an eight-headed meat hydra, 4 large bags of meat, 6
meat berserkers and 12 bags of meat.

Vanquished Creatures
  2 vampire knights (D)
  5 ogres (D)
  A two-headed ogre (D)
  26 orcs (D)
  A skeletal warrior (D)
35 creatures vanquished.

Notes
Turn   | Place    | Note
-------+----------+-------------------------------------------
     0 | D        | Found the +∞ Axe of Woe
     0 | D        | ytrimaz the Spriggan Warper began the quest for the Orb.
     0 | D        | Reached XP level 1. HP: 10/10 MP: 5/5
     4 | D        | Became a worshipper of Makhleb the Destroyer
     5 | D        | Noticed a bag of meat
     5 | D        | Noticed a bag of meat
     6 | D        | Noticed a meat berserker
     6 | D        | Noticed a bag of meat
     7 | D        | Noticed a bag of meat
     7 | D        | Noticed a bag of meat
     7 | D        | Noticed a bag of meat
     9 | D        | Noticed a bag of meat
     9 | D        | Noticed a bag of meat
     9 | D        | Noticed a bag of meat
     9 | D        | Noticed a bag of meat
    10 | D        | Noticed a bag of meat
    10 | D        | Noticed a bag of meat
    10 | D        | Noticed a bag of meat
    11 | D        | Noticed a bag of meat
    11 | D        | Noticed a bag of meat
    11 | D        | Noticed a bag of meat
    11 | D        | Noticed a bag of meat
    11 | D        | Noticed a bag of meat
    12 | D        | Killed a meat berserker
    12 | D        | Reached skill level 10 in Fighting
    12 | D        | Reached skill level 10 in Axes
    12 | D        | Reached skill level 10 in Armour
    12 | D        | Reached skill level 15 in Spellcasting
    12 | D        | Reached XP level 2. HP: 24/24 MP: 5/19
    12 | D        | Reached XP level 3. HP: 28/28 MP: 5/21
    12 | D        | Reached XP level 4. HP: 32/32 MP: 5/22
    12 | D        | Reached XP level 5. HP: 37/37 MP: 5/24
    12 | D        | Reached XP level 6. HP: 42/42 MP: 5/25
    12 | D        | Reached XP level 7. HP: 46/46 MP: 5/27
    12 | D        | Reached XP level 8. HP: 50/50 MP: 5/28
    12 | D        | Reached XP level 9. HP: 54/54 MP: 5/29
    12 | D        | Reached XP level 10. HP: 59/59 MP: 5/30
    12 | D        | Reached XP level 11. HP: 63/63 MP: 5/31
    12 | D        | Reached XP level 12. HP: 67/67 MP: 5/32
    12 | D        | Reached XP level 13. HP: 72/72 MP: 5/33
    12 | D        | Noticed a bag of meat
    12 | D        | Noticed a bag of meat
    12 | D        | Noticed a bag of meat
    12 | D        | Noticed a bag of meat
    12 | D        | Noticed a bag of meat
    12 | D        | Noticed a bag of meat
    13 | D        | Noticed a meat berserker
    13 | D        | Killed a bag of meat
    13 | D        | Reached * piety under Makhleb
    13 | D        | Killed a bag of meat
    13 | D        | Reached XP level 14. HP: 79/79 MP: 5/36
    14 | D        | Killed a bag of meat
    14 | D        | Killed a bag of meat
    14 | D        | Reached ** piety under Makhleb
    14 | D        | Reached skill level 5 in Throwing
    14 | D        | Reached XP level 15. HP: 86/86 MP: 5/39
    14 | D        | Reached skill level 15 in Unarmed Combat
    14 | D        | Noticed a meat berserker
    15 | D        | Reached *** piety under Makhleb
    15 | D        | Reached skill level 15 in Axes
    15 | D        | Reached skill level 15 in Armour
    15 | D        | Reached skill level 27 in Dodging
    15 | D        | Reached XP level 16. HP: 93/93 MP: 5/42
    15 | D        | Reached skill level 15 in Fighting
    15 | D        | Reached skill level 27 in Stealth
    15 | D        | Reached XP level 17. HP: 101/101 MP: 5/46
    15 | D        | Killed a meat berserker
    15 | D        | Reached **** piety under Makhleb
    16 | D        | Reached XP level 18. HP: 110/110 MP: 6/49
    17 | D        | Reached skill level 27 in Spellcasting
    17 | D        | Reached ***** piety under Makhleb
    17 | D        | Noticed a meat berserker
    18 | D        | Reached skill level 10 in Throwing
    18 | D        | Reached XP level 19. HP: 119/119 MP: 6/51
    19 | D        | Noticed a large bag of meat
    19 | D        | Noticed a large bag of meat
    20 | D        | Noticed a large bag of meat
    21 | D        | Killed a meat berserker
    21 | D        | Reached XP level 20. HP: 129/129 MP: 7/52
    21 | D        | Reached ****** piety under Makhleb
    21 | D        | Noticed a large bag of meat
    22 | D        | Reached skill level 27 in Axes
    23 | D        | Reached skill level 27 in Unarmed Combat
    25 | D        | Noticed a meat berserker
    28 | D        | Noticed a destroyer
    28 | D        | Noticed The Servant
    29 | D        | Noticed an eight-headed meat hydra
    34 | D        | Noticed a meat berserker
    34 | D        | Noticed a meat berserker
    34 | D        | Noticed a meat berserker
    35 | D        | Noticed a destroyer
    35 | D        | Noticed a meat berserker
    36 | D        | Noticed a large bag of meat
    37 | D        | Killed a destroyer
    37 | D        | Reached skill level 27 in Fighting
    37 | D        | Reached skill level 27 in Armour
    37 | D        | Reached XP level 21. HP: 142/142 MP: 10/53
    40 | D        | Killed a destroyer
    40 | D        | Reached skill level 27 in Invocations
    40 | D        | Reached XP level 22. HP: 148/148 MP: 11/54
    41 | D        | Reached skill level 27 in Throwing
    42 | D        | Killed a large bag of meat
    42 | D        | HP: 3/148 [large bag of meat/exploding inner flame (45)]
    42 | D        | Mangled by The Servant

Illustrated notes

Levels and vault maps discovered:
D:        meatsprint

Skill      XL: |  1  2  3  4  5  6  7  8  9 10 11 12 13 14 15 16 17 18 19 20 21 22 |
---------------+-------------------------------------------------------------------+-----
Fighting       | 10 11 13 14 16 18 20 23 27 | 27.0
Axes           | 10 11 13 15 17 20 22 25 27 | 27.0
Throwing       | 3 4 5 7 9 10 12 21 24 27 | 27.0
Armour         | 10 12 13 15 17 19 21 24 27 | 27.0
Dodging        | 20 22 25 27 | 27.0
Stealth        | 18 21 23 26 27 | 27.0
Unarmed Combat | 11 13 14 16 18 20 22 25 27 | 27.0
Spellcasting   | 15 17 19 21 24 26 27 | 27.0
Invocations    | 27 | 27.0
Translocations | |  4.4

Action                   |  1- 3 |  4- 6 |  7- 9 | 10-12 | 13-15 | 16-18 | 19-21 | 22-24 || total
-------------------------+-------+-------+-------+-------+-------+-------+-------+-------++-------
Melee: Broad axe         |     1 |       |       |       |     3 |     3 |     8 |     2 ||    17
Dodge: Dodged            |       |       |       |       |     1 |       |     1 |       ||     2
